 Dungeon Crawl Stone Soup version 0.28-a0-1506-g3893175d92 (webtiles) character file.

Game seed: 14861183536395808187

133 gimp the Chopper (level 5, -1/47 HPs)
             Began as a Hill Orc Fighter on Jan 14, 2022.
             Slain by Grinder (4 damage)
             ... on level 2 of the Dungeon.
             The game lasted 00:04:22 (2170 turns).

gimp the Chopper (Hill Orc Fighter)                 Turns: 2170, Time: 00:04:23

Health: -1/47      AC:  8    Str: 21    XL:     5   Next: 16%
Magic:  5/5        EV:  9    Int:  8    God:
Gold:   128        SH:  4    Dex: 10    Spells: 4/4 levels left

rFire   . . .      SeeInvis .   a - +0 war axe
rCold   . . .      Faith    .   c - +0 buckler
rNeg    . . .      Spirit   .   b - +0 scale mail
rPois   +          Reflect  .   l - +0 helmet of Pride {rPois rCorr}
rElec   .          Harm     .   (no cloak)
rCorr   +          Rampage  .   (no gloves)
Will    .....                   (no boots)
Stlth   ..........              g - amulet of regeneration
HPRegen 0.95/turn               (no ring)
MPRegen 0.09/turn               (no ring)

@: no status effects
A: no striking features
a: no special abilities


You were on level 2 of the Dungeon.
You visited 1 branch of the dungeon, and saw 3 of its levels.

You collected 128 gold pieces.

Inventory:

Hand Weapons
 a - a +0 war axe (weapon)
Armour
 b - a +0 scale mail (worn)
 c - a +0 buckler (worn)
 f - a +0 helmet
 l - the +0 helmet of Pride (worn) {rPois rCorr}
   (You found it on level 2 of the Dungeon)

   rPois:     It protects you from poison.
   rCorr:     It protects you from acid and corrosion.
Jewellery
 g - an amulet of regeneration (around neck)
 p - a ring of positive energy
Wands
 q - a wand of iceblast (13)
 s - a wand of polymorph (12)
 w - a wand of mindburst (7)
Scrolls
 h - a scroll of amnesia {unknown}
 i - 3 scrolls of identify {unknown}
 k - a scroll of enchant armour {unknown}
 m - a scroll of teleportation {unknown}
 n - a scroll of silence {unknown}
 u - a scroll of blinking {unknown}
Potions
 d - a potion of might
 e - 2 potions of curing {unknown}
 j - a potion of lignification {unknown}
 o - a potion of attraction {unknown}
 r - a potion of flight {unknown}
 t - a potion of mutation {unknown}
 v - a potion of berserk rage {unknown}


   Skills:
 + Level 4.9 Fighting
 * Level 5.8 Axes
 - Level 3.2 Armour
 - Level 3.2 Shields


You had 4 spell levels left.
You didn't know any spells.
Your spell library contained the following spells:

 Spells                   Type           Power      Damage    Failure   Level
 Beastly Appendage        Tmut           0%         N/A       83%         1
 Wereblood                Tmut           0%         N/A       93%         2
 Ozocubu's Armour         Ice            0%         N/A       99%         3
 Spider Form              Tmut/Pois      0%         N/A       99%         3
 Malign Gateway           Summ/Tloc      0%         N/A       100%        7
 Ozocubu's Refrigeration  Ice            0%         4d5       100%        7
 Summon Horrible Things   Summ           0%         N/A       100%        8


Dungeon Overview and Level Annotations

Branches:
Dungeon (3/15)

Altars:

Annotations:
D:2 Grinder


Message History

Unknown command.
Unknown command.
You closely miss Grinder.
Grinder is heavily wounded.
You block Grinder's attack. Grinder gestures at you.
You barely resist. You closely miss Grinder.
Grinder is heavily wounded.
Grinder hits you but does no damage.
You barely miss Grinder.
Grinder is heavily wounded.
Grinder says, "Are you a fish?" Grinder gestures at you.
Pain shoots through your body!
You take 5 damage, and have 34/47 hp.
You closely miss Grinder.
Grinder is heavily wounded.
Grinder gestures at you.
You suddenly lose the ability to move!
Grinder hits you but does no damage. Grinder hits you.
You writhe in agony.
Grinder hits you but does no damage. x3
Grinder says, "FISH!"
Grinder gestures at you. Pain shoots through your body!
You can move again.
You take 14 damage, and have 20/47 hp.
MASSIVE DAMAGE!!
Unknown command.
Unknown command.
Unknown command.
Grinder hits you!
* * * LOW HITPOINT WARNING * * *
You writhe in agony.
* * * LOW HITPOINT WARNING * * *
You take 11 damage, and have 9/47 hp.
MASSIVE DAMAGE!!
Grinder hits you!
* * * LOW HITPOINT WARNING * * *
You writhe in agony.
You die...

###########....[.........#
#............#####.......#
#........................#
#.............###.##############
#..............<..).............
######.......##.#.##############
#............# ####
#.......##†#############...
####.....†@)...............
#.####.5.############... #.#
#...# #........ ##.## #...#
#........ #...#
#...#######........ #...#
#...##....#........ #...#
##.###....#......## #...# #.#
#....######## ##...# #.# #....#


You could see Grinder.

Vanquished Creatures
  Terence (D:3)
  Robin (D:3)
  3 adders
  A worm (D:2)
  2 dart slugs
  An orc (D:3)
  4 ball pythons
  3 endoplasms
  3 giant cockroaches
  11 goblins
  10 hobgoblins
  5 jackals (D:1)
  A kobold (D:1)
  A quokka (D:2)
  6 bats
  A frilled lizard (D:1)
  3 rats
57 creatures vanquished.

Vanquished Creatures (others)
  7 fungi (D:3)
  5 plants (D:3)
12 creatures vanquished.

Grand Total: 69 creatures vanquished

Notes
Turn   | Place    | Note
-------+----------+-------------------------------------------
     0 | D:1      | gimp the Hill Orc Fighter began the quest for the Orb.
     0 | D:1      | Reached XP level 1. HP: 19/19 MP: 1/1
   117 | D:1      | Reached skill level 3 in Axes
   297 | D:1      | Reached XP level 2. HP: 21/27 MP: 2/2
   730 | D:1      | Reached skill level 4 in Axes
   732 | D:1      | Reached XP level 3. HP: 33/33 MP: 3/3
  1318 | D:2      | Identified the +0 helmet of Pride {rPois rCorr}
  1680 | D:2      | Reached XP level 4. HP: 41/41 MP: 4/4
  1880 | D:3      | Reached skill level 5 in Axes
  1930 | D:3      | Noticed Terence
  1939 | D:3      | Killed Terence
  2009 | D:3      | Noticed Grinder
  2010 | D:3      | Paralysed by Grinder for 6 turns
  2017 | D:3      | Paralysed by Grinder for 4 turns
  2028 | D:3      | Noticed Robin
  2045 | D:3      | Paralysed by Grinder for 7 turns
  2083 | D:2      | Reached XP level 5. HP: 29/47 MP: 5/5
  2117 | D:3      | Paralysed by Grinder for 6 turns
  2139 | D:3      | Killed Robin
  2153 | D:2      | Paralysed by Grinder for 6 turns
  2162 | D:2      | Paralysed by Grinder for 7 turns
  2170 | D:2      | Slain by Grinder

Illustrated notes

Levels and vault maps discovered:
D:1:      co_arrival_random_square_maze, layout_basic
D:2:      layout_basic
D:3:      layout_rooms, shapermc_ecumenical_altar_mp_urbaneastern, uniq_terence,
          uniq_grinder, uniq_robin

Skill      XL: |  1  2  3  4 |
---------------+-------------+-----
Axes           | 3 4 5 |  5.8
Fighting       | 4 |  4.9
Armour         | |  3.2
Shields        | |  3.2

Action                   |  1- 3 |  4- 6 || total
-------------------------+-------+-------++-------
Melee: War axe           |    98 |    70 ||   168
Armor: Scale mail        |    43 |    52 ||    95
Dodge: Dodged            |    42 |    36 ||    78
Block: Buckler           |    30 |    17 ||    47

Table legend: (Time is in decaauts)
 A = Elapsed time spent in this place.
 B = Non-inter-level travel time spent in this place.
 C = Inter-level travel time spent in this place.
 D = Time resting spent in this place.
 E = Time spent auto-exploring this place.
 F = Levels seen in this place.
 G = Mean time per level.
                   A        B        C        D        E       F      G
               +--------+--------+--------+--------+--------+-----+--------+
         Total |   2226 |   2189 |     37 |     14 |   1585 |   3 |  742.0 |
       Dungeon |   2226 |   2189 |     37 |     14 |   1585 |   3 |  742.0 |
               +--------+--------+--------+--------+--------+-----+--------+

Top non-repeatable levels by time:
     D:1: 1067 daAuts
     D:2: 911 daAuts
     D:3: 247 daAuts
